 Dungeon Crawl Stone Soup version 0.30-a0-134-gb40fab5c76 (webtiles) character file.

Game seed: 14031389333054597296

4706 Flugkiller the Party-goer (level 11, -9/85 (89) HPs)
             Began as a Meteoran Ice Elementalist on Sept 19, 2022.
             Was a Priest of Uskayaw.
             Mangled by a polar bear (14 damage)
             ... on level 10 of the Dungeon.
             The game lasted 00:16:18 (3019 turns).

Flugkiller the Party-goer (MeIE)                    Turns: 3019, Time: 00:16:18

HP:   -9/85 (89)    AC:  4    Str:  9    XL:     11   Next: 3%
MP:   6/23          EV: 13    Int: 23    God:    Uskayaw [***...]
Gold: 484           SH:  0    Dex: 14    Spells: 17/25 levels left

rFire   . . .      SeeInvis .    d - +2 quarterstaff (speed)
rCold   + . .      Faith    .    (shield currently unavailable)
rNeg    . . .      Spirit   .    a - +0 robe
rPois   .          Reflect  .    c - +0 helmet
rElec   .          Harm     .    (no cloak)
rCorr   .          Rampage  .    k - +0 pair of gloves
Will    +....                    s - +0 pair of boots
Stlth   +.........               (no amulet)
HPRegen 0.24/turn                m - ring of wizardry
MPRegen 0.18/turn                (no ring)

@: freezing walls, glowing, lightly drained
A: sense surroundings 2, otherworldly, glowing, explore regen, cold resistance
1, deformed body, mutation resistance 1
a: Renounce Religion, Stomp, Line Pass


You were on level 10 of the Dungeon.
You worshipped Uskayaw.
Uskayaw was aware of your devotion.
You visited 2 branches of the dungeon, and saw 11 of its levels.
You also visited: Ossuary.

You collected 484 gold pieces.

Inventory:

Hand Weapons
 d - a +2 quarterstaff of speed (weapon)
   (You found it on level 4 of the Dungeon)
 A - a +0 war axe of flaming
   (You took it off an orc on level 7 of the Dungeon)
 C - a +0 arbalest
   (You took it off an orc warrior on level 8 of the Dungeon)
 H - a +3 hand axe
   (You took it off an orc on level 6 of the Dungeon)
Missiles
 f - 4 curare-tipped darts
 r - 3 boomerangs
Armour
 a - a +0 robe (worn)
 c - a +0 helmet (worn)
   (You found it on level 1 of the Dungeon)
 g - a +0 kite shield
   (You took it off a gnoll sergeant on level 5 of the Dungeon)
 j - the +1 robe of Action {*Corrode *Slow Dex+7 Archmagi}
   (You found it on level 3 of the Dungeon)

   Dex:       It affects your dexterity (+7).
   *Corrode:  It may corrode you when you take damage.
   *Slow:     It may slow you when you take damage.
   Archmagi:  It increases the power of your magical spells.
 k - a +0 pair of gloves (worn)
   (You found it on level 4 of the Dungeon)
 s - a +0 pair of boots (worn)
   (You found it on level 5 of the Dungeon)
 E - a +0 buckler
   (You found it on level 8 of the Dungeon)
Magical Staves
 i - a staff of death
   (You found it on level 2 of the Dungeon)
 u - a staff of conjuration
   (You found it on level 5 of the Dungeon)
 J - a staff of air
   (You found it on level 10 of the Dungeon)
Jewellery
 m - a ring of wizardry (left hand)
   (You found it on level 4 of the Dungeon)
Wands
 D - a wand of digging (4)
   (You found it on level 6 of the Dungeon)
Scrolls
 h - 2 scrolls of amnesia
 l - a scroll of fear
 n - a scroll of butterflies
 t - a scroll of teleportation
 v - a scroll of summoning
 x - a scroll of poison
 y - a scroll of vulnerability
 z - a scroll of blinking
 B - 2 scrolls of magic mapping
 G - a scroll of silence
Potions
 b - a potion of magic
 e - 2 potions of lignification
 o - 2 potions of flight
 p - 2 potions of cancellation
 q - 4 potions of curing
 w - a potion of heal wounds
 F - a potion of attraction {unknown}
 I - a potion of brilliance {unknown}


   Skills:
 - Level 6.0 Fighting
 - Level 6.0 Staves
 - Level 4.0 Dodging
 - Level 1.4 Stealth
 * Level 7.6 Spellcasting
 - Level 5.0 Conjurations
 + Level 3.3 Necromancy
 + Level 8.8 Ice Magic
 - Level 9.0 Invocations


You had 17 spell levels left.
You knew the following spells:

 Your Spells              Type           Power      Damage    Failure   Level
a - Freeze                Ice            100%       1d11      1%          1
b - Frozen Ramparts       Ice            98%        1d15      1%          3
c - Hailstorm             Conj/Ice       40%        3d10      1%          4

Your spell library contained the following spells:

 Spells                   Type           Power      Damage    Failure   Level
 Ozocubu's Armour         Ice            49%        N/A       1%          3
 Metabolic Englaciation   Hex/Ice        14%        N/A       13%         5
 Simulacrum               Ice/Necr       18%        N/A       32%         6


Dungeon Overview and Level Annotations

Branches:
Dungeon (10/15) Zot: 3260  Temple (1/1) D:4 Zot: 519 Ossuary (visited)
   Lair: D:8-11         Orc: D:9-12

Altars:
Ashenzari
Cheibriados
Dithmenos
Hepliaklqana
Kikubaaqudgha
Makhleb
Nemelex Xobeh
Okawaru
Qazlal
Ru
Sif Muna
Uskayaw
Wu Jian
The Shining One

Annotations:
D:4 1 runed translucent door


Innate Abilities, Weirdness & Mutations

You passively map the area around you.
You are easily found by Zot.
You glow in the dark.
You regain HP and MP as you explore.
Your flesh is cold resistant. (rC+)
Armour fits poorly on your strangely shaped body.
You are somewhat resistant to further mutation.


Message History

Aim: a wolf (lightly wounded)
You freeze the wolf.
The wolf is moderately wounded.
The wall freezes the wolf but does no damage.
The wolf closely misses you.
The wall freezes the wolf but does no damage.
The wolf bites you but does no damage.
Casting: Freeze (safe; 1% risk of failure)
Confirm with . or Enter, or press ? or * to list all spells.
Aiming: Freeze (safe; 1% risk of failure)
Press: ? - help, Shift-Dir - straight line, f/p - wolf
Aim: a wolf (moderately wounded)
You freeze the wolf!
The wolf is severely wounded.
The wall freezes the wolf.
The wolf barely misses you.
You can now pass through a line of other dancers.
Casting: Freeze (safe; 1% risk of failure)
Confirm with . or Enter, or press ? or * to list all spells.
Aiming: Freeze (safe; 1% risk of failure)
Press: ? - help, Shift-Dir - straight line, f/p - wolf
Aim: a wolf (almost dead)
You freeze the wolf.
You kill the wolf!
You have reached level 11!
The frozen ramparts melt away as you move.
t - a scroll of teleportation;
H - a +3 hand axe
Found a short jewelled staff.
I - a gluggy blue potion You can no longer pass through a line of other dancers.
A howler monkey simulacrum comes into view.
A polar bear comes into view.
The polar bear growls angrily.
You see here a staff of air.
J - a staff of air
Casting: Freeze (safe; 1% risk of failure)
Confirm with . or Enter, or press ? or * to list all spells.
A cannonade of hail descends around you!
The hail pelts the howler monkey simulacrum!
The howler monkey simulacrum partially resists.
The howler monkey simulacrum vaporises!
A centaur comes into view.
Casting: Hailstorm (dangerous; 1% risk of failure)
Confirm with . or Enter, or press ? or * to list all spells.
A cannonade of hail descends around you!
The hail pelts the polar bear!
The polar bear partially resists.
The polar bear is lightly wounded.
A troll comes into view.
Casting: Hailstorm (dangerous; 1% risk of failure)
Confirm with . or Enter, or press ? or * to list all spells.
The walls around you are covered in ice.
The troll shouts!
The polar bear resists.
The wall freezes the polar bear.
The polar bear bites you! The polar bear claws you.
The polar bear claws you but does no damage.
You sock the polar bear!
The polar bear is moderately wounded.
You sock the polar bear!
The polar bear is heavily wounded.
The polar bear resists.
The wall freezes the polar bear.
The polar bear bites you! The polar bear barely misses you.
The polar bear claws you but does no damage.
You can now pass through a line of other dancers.
You barely miss the polar bear.
The polar bear is heavily wounded.
The wall freezes the centaur.
The polar bear resists.
The wall freezes the polar bear.
The polar bear barely misses you. The polar bear claws you.
The polar bear claws you but does no damage.
Casting: Frozen Ramparts (safe; 1% risk of failure)
Confirm with . or Enter, or press ? or * to list all spells.
A cannonade of hail descends around you!
The hail pelts the centaur!
You kill the centaur!
The polar bear resists.
The wall freezes the polar bear!
The polar bear goes berserk!
Uskayaw will force your foes to helplessly watch your dance.
Uskayaw prepares the audience for your solo!
Casting: Hailstorm (dangerous; 1% risk of failure)
Confirm with . or Enter, or press ? or * to list all spells.
A cannonade of hail descends around you!
The hail pelts the troll!
The troll is moderately wounded.
The polar bear is no longer paralysed.
The wall freezes the polar bear but does no damage.
The polar bear bites you!!
* * * LOW HITPOINT WARNING * * *
The polar bear barely misses you. The polar bear claws you.
* * * LOW HITPOINT WARNING * * *
Okay, then.
Unknown command.
You feel much better.
The troll is no longer paralysed.
The polar bear resists.
The wall freezes the polar bear.
The polar bear bites you!!
* * * LOW HITPOINT WARNING * * *
The polar bear claws you.
* * * LOW HITPOINT WARNING * * *
The polar bear claws you.
* * * LOW HITPOINT WARNING * * *
The polar bear resists.
The wall freezes the polar bear.
The polar bear bites you!
You die...

, ...........* *
*##..##.....## *, ,
...........### ,
#...........<# , *
#...........†# * *
,#.###...#........#
........##......###
............8.....# *
...#.#@###.....#.#***
* * #h# ##.........,
* , .T., ###....### ,
* .~~~. ###### * * *
, , ..≈≈~.. * ,
#..~≈~..# *
,...~.~~..* ,
,...~~.≈~..# ** , , *
* , , ,, ,,


You could see a polar bear (berserk) and a troll.

Vanquished Creatures
  A two-headed ogre (D:9)
  Pikel (D:8)
  A troll (D:7)
  6 orc warriors
  2 ice beasts (D:7)
  A black bear (D:6)
  An ogre (D:6)
  A wolf (D:10)
  2 centaurs
  A lemure (D:8)
  A phantom (D:3)
  2 bullfrogs
  3 kobold brigands
  A scorpion (D:5)
  A gnoll sergeant (D:5)
  3 necrophages
  4 wights (D:9)
  14 killer bees
  2 vampire bats (D:9)
  3 hounds
  A jelly (D:8)
  4 orc priests
  3 orc wizards
  4 iguanas
  3 mummies (Ossuary)
  An adder (D:4)
  3 gnolls (D:5)
  A howler monkey simulacrum (D:10)
  3 adder zombies (Ossuary)
  4 dart slugs
  38 orcs
  3 bats (D:1)
  2 bat skeletons (D:9)
  2 bat zombies (D:9)
  4 endoplasms
  2 giant cockroaches
  2 gnoll zombies (Ossuary)
  3 goblins
  4 hobgoblins
  3 jackals (D:2)
  15 kobolds
  7 quokkas
  3 ball pythons
  3 frilled lizards
  7 goblin zombies (Ossuary)
  3 hobgoblin zombies (Ossuary)
  2 quokka zombies (Ossuary)
  3 rats (D:2)
  A rat zombie (Ossuary)
185 creatures vanquished.

Notes
Turn   | Place    | Note
-------+----------+-------------------------------------------
     0 | D:1      | Flugkiller the Meteoran Ice Elementalist began the quest
                  | for the Orb.
     0 | D:1      | Reached XP level 1. HP: 14/14 MP: 5/5
    52 | D:1      | Reached XP level 2. HP: 20/20 MP: 5/7
   148 | D:1      | Reached XP level 3. HP: 16/26 MP: 4/8
   229 | D:2      | Reached skill level 5 in Ice Magic
   360 | D:2      | Reached XP level 4. HP: 33/33 MP: 5/10
   525 | D:3      | Learned a level 3 spell: Frozen Ramparts
   563 | D:3      | Noticed a phantom
   581 | D:3      | Killed a phantom
   582 | D:3      | Reached XP level 5. HP: 38/38 MP: 13/13
   609 | D:3      | Identified the +1 robe of Action {*Corrode *Slow Dex+7
                  | Archmagi}
   644 | D:4      | Found a staircase to the Ecumenical Temple.
   689 | Temple   | Entered the Ecumenical Temple
   748 | Temple   | Became a worshipper of Uskayaw the Reveller
   823 | D:4      | Reached * piety under Uskayaw
   824 | D:4      | Reached ** piety under Uskayaw
   826 | D:4      | Reached *** piety under Uskayaw
   827 | D:4      | Reached skill level 5 in Spellcasting
   827 | D:4      | Reached XP level 6. HP: 37/46 MP: 9/14
   834 | D:4      | Reached skill level 1 in Fighting
   835 | D:4      | Reached **** piety under Uskayaw
   837 | D:4      | Noticed an orc warrior
   872 | D:4      | Gained mutation: Armour fits poorly on your strangely
                  | shaped body. [potion of mutation]
   872 | D:4      | Gained mutation: You are occasionally teleported next to
                  | monsters. [potion of mutation]
   872 | D:4      | Gained mutation: Your flesh is heat resistant. (rF+)
                  | [potion of mutation]
   872 | D:4      | Gained mutation: You are agile. (Dex +4, Str/Int -1)
                  | [potion of mutation]
   876 | D:4      | Killed an orc warrior
   987 | D:4      | Found a runed translucent door.
  1021 | D:4      | Reached XP level 7. HP: 54/58 MP: 11/15
  1047 | D:5      | Entered Level 5 of the Dungeon
  1094 | D:5      | Reached skill level 1 in Staves
  1106 | D:5      | Reached ***** piety under Uskayaw
  1267 | D:5      | Learned a level 4 spell: Hailstorm
  1296 | D:5      | Found a sand-covered staircase.
  1331 | D:5      | Reached XP level 8. HP: 59/66 MP: 9/16
  1346 | Ossuary  | Entered an ossuary
  1370 | Ossuary  | Reached skill level 1 in Conjurations
  1790 | D:6      | Lost mutation: Your flesh is heat resistant. (rF+) [potion
                  | of mutation]
  1790 | D:6      | Lost mutation: You are agile. (Dex +4, Str/Int -1) [potion
                  | of mutation]
  1790 | D:6      | Lost mutation: You are occasionally teleported next to
                  | monsters. [potion of mutation]
  1790 | D:6      | Gained mutation: You are somewhat resistant to further
                  | mutation. [potion of mutation]
  1790 | D:6      | Gained mutation: Your flesh is cold resistant. (rC+)
                  | [potion of mutation]
  1823 | D:6      | Reached skill level 5 in Staves
  1954 | D:7      | Found a sparkling altar of Nemelex Xobeh.
  1972 | D:7      | Reached skill level 5 in Fighting
  2027 | D:7      | Gained mutation: You passively map the area around you.
                  | [Meteoran growth]
  2027 | D:7      | Reached XP level 9. HP: 39/74 MP: 6/17
  2117 | D:7      | Found a broken altar of Ashenzari.
  2234 | D:8      | Noticed Pikel
  2256 | D:8      | Killed Pikel
  2257 | D:8      | Reached skill level 5 in Conjurations
  2257 | D:8      | Reached skill level 4 in Invocations
  2279 | D:7      | Noticed a troll
  2346 | D:7      | Killed a troll
  2347 | D:7      | Reached skill level 6 in Invocations
  2347 | D:7      | Reached XP level 10. HP: 62/83 MP: 5/18
  2377 | D:8      | Reached skill level 7 in Invocations
  2423 | D:8      | Reached skill level 8 in Invocations
  2461 | D:8      | Noticed a lindwurm
  2461 | D:8      | Noticed a lindwurm
  2482 | D:8      | Noticed a lindwurm
  2515 | D:8      | Reached skill level 9 in Invocations
  2614 | D:9      | Noticed a two-headed ogre
  2615 | D:9      | Reached skill level 1 in Necromancy
  2621 | D:9      | Killed a two-headed ogre
  2708 | D:9      | Found a stormy altar of Qazlal.
  2782 | D:9      | Found an ancient bone altar of Kikubaaqudgha.
  2922 | D:9      | Found a shimmering blue altar of Sif Muna.
  2925 | D:9      | Found a sacrificial altar of Ru.
  2989 | D:10     | Entered Level 10 of the Dungeon
  2995 | D:10     | Reached XP level 11. HP: 82/84 MP: 16/23
  3019 | D:10     | Mangled by a polar bear

Illustrated notes

Levels and vault maps discovered:
D:1:      sevenhm_arrival_forest_fort_small_4, layout_loops_ring,
          chequers_ecumenical_altar_twisty, hangedman_decor_points,
          grunt_decor_clamped, st_stairs_9
D:2:      layout_rooms
D:3:      layout_loops_corners, hangedman_feature_mirror
D:4:      layout_rooms, minmay_temple_entry_statues_pillars,
          ebering_ghost_reflecting_pool, minmay_circle_x
D:5:      layout_layer_cave, nicolae_ossuary_entry_false_entrances
D:6:      layout_loops_corners
D:7:      layout_loops_ring, evilmike_ruin_ashenzari,
          nemelex_xobeh_ov_fountains_minmay, minmay_tree_intersection
D:8:      layout_rooms, lemuel_coloured_pillars_altar, minmay_lindwurm_lava,
          uniq_pikel
D:9:      layout_basic, kennysheep_vampire_church,
          chequers_temple_overflow_statue_of_worship,
          nicolae_qazlal_scattered_showers, kennysheep_nub
D:10:     layout_loops_ring, nicolae_yredelemnul_corpse_copse, serial_shops,
          shop, serial_ice, serial_ice_d, serial_ice_o, serial_ice_h,
          serial_ice_g, serial_ice_a, serial_ice_m, serial_ice_i, serial_ice_c,
          serial_ice_e, serial_ice_n
Temple:   dpeg_chambers_temple

Skill      XL: |  1  2  3  4  5  6  7  8  9 10 |
---------------+-------------------------------+-----
Spellcasting   | 3 4 5 7 |  7.6
Ice Magic      | 5 6 8 |  8.8
Fighting       | 3 4 5 6 |  6.0
Staves         | 4 5 6 |  6.0
Dodging        | 4 |  4.0
Conjurations   | 3 5 |  5.0
Invocations    | 6 9 |  9.0
Necromancy     | 3 |  3.3
Stealth        | |  1.4

Action                   |  1- 3 |  4- 6 |  7- 9 | 10-12 || total
-------------------------+-------+-------+-------+-------++-------
Melee: Unarmed           |     1 |    10 |       |       ||    11
       Staff             |     3 |       |       |       ||     3
       Quarterstaff      |       |     3 |   112 |    55 ||   170
 Fire: Arbalest          |       |       |       |     1 ||     1
 Cast: Freeze            |    45 |    31 |    45 |    17 ||   138
       Frozen Ramparts   |       |     4 |    21 |    15 ||    40
       Hailstorm         |       |       |     8 |    15 ||    23
  Use: Potion            |       |     3 |     4 |     1 ||     8
       Scroll            |       |     8 |     5 |     2 ||    15
 Stab: Paralysed         |       |       |     3 |     7 ||    10
Armor: Robe              |    15 |     9 |    33 |    40 ||    97
       Skin              |       |     8 |    13 |       ||    21
Dodge: Dodged            |    22 |    23 |    63 |    88 ||   196

Table legend: (Time is in decaauts)
 A = Elapsed time spent in this place.
 B = Non-inter-level travel time spent in this place.
 C = Inter-level travel time spent in this place.
 D = Time resting spent in this place.
 E = Time spent auto-exploring this place.
 F = Levels seen in this place.
 G = Mean time per level.
                   A        B        C        D        E       F      G
               +--------+--------+--------+--------+--------+-----+--------+
         Total |   2996 |   2654 |    342 |     31 |      0 |  12 |  249.7 |
       Dungeon |   2739 |   2410 |    329 |     31 |      0 |  10 |  273.9 |
        Temple |     80 |     67 |     13 |      0 |      0 |   1 |   80.0 |
       Ossuary |    176 |    176 |      0 |      0 |      0 |   1 |  176.0 |
               +--------+--------+--------+--------+--------+-----+--------+

Top non-repeatable levels by time:
     D:7: 456 daAuts
     D:5: 411 daAuts
     D:9: 368 daAuts
     D:4: 358 daAuts
     D:8: 272 daAuts
     D:2: 240 daAuts
     D:6: 234 daAuts
     D:3: 211 daAuts
 Ossuary: 176 daAuts
     D:1: 156 daAuts
  Temple: 80 daAuts
    D:10: 28 daAuts
